 Dungeon Crawl Stone Soup version 0.30-a0-793-g160f7cfddd (webtiles) character file.

Game seed: 10773707130534055690

1260 Ceno the Digger (level 8, -1/63 HPs)
             Began as a Formicid Earth Elementalist on Feb 20, 2023.
             Was a Follower of Zin.
             Killed by divine providence
             ... invoked by an orc priest
              (9 damage)
             ... in the Ecumenical Temple.
             The game lasted 00:17:30 (4949 turns).

Ceno the Digger (Formicid Earth Elementalist)       Turns: 4949, Time: 00:17:31

Health: -1/63      AC:  4    Str: 14    XL:     8   Next: 81%
Magic:  12/14      EV: 17    Int: 22    God:    Zin [*.....]
Gold:   226        SH:  0    Dex: 17    Spells: 9/15 levels left

rFire   . . .      SeeInvis +    w - +2 whip (elec)
rCold   + . .      Faith    .    (no shield)
rNeg    . . .      Spirit   .    j - +0 leather armour of Existentialism {-Tele Int+6 Dex+3}
rPois   .          Reflect  .    (helmet unavailable)
rElec   .          Harm     .    h - +0 cloak
rCorr   .          Rampage  .    (no gloves)
Will    .....                    (no boots)
Stlth   ++                       (no amulet)
HPRegen 0.30/turn                u - +5 ring of evasion
MPRegen 0.14/turn                v - ring of protection from cold

@: on recite cooldown
A: permanent stasis, dig shafts and tunnels, antennae 3, four strong arms
a: Dig, Renounce Religion, Recite, Donate Gold


You were in the Ecumenical Temple.
You worshipped Zin.
Zin was aware of your devotion.
You visited 2 branches of the dungeon, and saw 7 of its levels.

You collected 251 gold pieces.
You donated 25 gold pieces to Zin.

Inventory:

Hand Weapons
 w - a +2 whip of electrocution (weapon)
Missiles
 l - 13 poisoned darts
 n - 44 stones (quivered)
Armour
 h - a +0 cloak (worn)
 j - the +0 leather armour of Existentialism (worn) {-Tele Int+6 Dex+3}
   (You found it on level 2 of the Dungeon)

   Int:       It affects your intelligence (+6).
   Dex:       It affects your dexterity (+3).
   -Tele:     It prevents most forms of teleportation.
Jewellery
 u - a +5 ring of evasion (left hand)
 v - a ring of protection from cold (right hand)
Wands
 q - a wand of charming (6)
 x - a wand of iceblast (10)
Scrolls
 d - 2 scrolls of teleportation {unknown}
 g - a scroll of blinking {unknown}
 m - a scroll of amnesia
 o - 2 scrolls of immolation
 p - 2 scrolls of acquirement {unknown}
 s - a scroll of vulnerability {unknown}
 y - a scroll of identify
Potions
 a - 2 potions of lignification {unknown}
 b - a potion of magic
 c - a potion of degeneration {unknown}
 e - 3 potions of might
 f - 6 potions of curing
 i - 2 potions of brilliance {unknown}
 k - a potion of cancellation {unknown}
 r - 4 potions of attraction {unknown}
 t - 2 potions of flight {unknown}
 z - a potion of mutation {unknown}
 A - 2 potions of haste {unknown}


   Skills:
 + Level 5.6 Fighting
 * Level 5.4 Maces & Flails
 - Level 1.7 Dodging
 - Level 3.0 Stealth
 - Level 4.0 Spellcasting
 - Level 1.1 Transmutations
 + Level 7.1 Earth Magic


You had 9 spell levels left.
You knew the following spells:

 Your Spells              Type           Power      Damage    Failure   Level
a - Sandblast             Erth           72%        2d16      1%          1
b - Passwall              Tmut/Erth      18%        N/A       4%          2
c - Stone Arrow           Conj/Erth      40%        3d9       10%         3

Your spell library contained the following spells:

 Spells                   Type           Power      Damage    Failure   Level
 Petrify                  Tmut/Erth      22%        N/A       26%         4


Dungeon Overview and Level Annotations

Branches:
Dungeon (6/15)             Temple (1/1) D:6

Altars:
Ashenzari
Cheibriados
Elyvilon
Fedhas
Gozag
Hepliaklqana
Makhleb
Nemelex Xobeh
Okawaru
Qazlal
Ru
Sif Muna
Trog
Uskayaw
Vehumet
Wu Jian
Xom
Yredelemnul
Zin

Shops:
D:1 (

Annotations:
D:5 Menkaure


Innate Abilities, Weirdness & Mutations

You cannot be hasted, slowed, berserked, paralysed or teleported.
You can dig through walls and to a lower floor.
You have a pair of large antennae on your head. (SInv)
Your four strong arms can wield two-handed weapons with a shield.


Message History

The puff of flame hits you. The orc priest barely misses you.
The orc wizard hits you but does no damage.
The orc priest hits you with a +0 mace.
You climb downwards.
Welcome back to the Ecumenical Temple!
There is a staircase back to the Dungeon here.
You hit the orc priest.
The orc priest is heavily wounded.
The orc priest hits you with a +0 mace.
The orc wizard hits you with a +0 dagger.
You hit the orc priest but do no damage.
The orc priest is heavily wounded.
The orc priest closely misses you. The orc wizard completely misses you.
You hit the orc priest.
The orc priest is almost dead.
The orc priest closely misses you. The orc wizard barely misses you.
You closely miss the orc priest.
The orc priest is almost dead.
Your magical contamination has completely faded away.
You closely miss the orc priest.
The orc priest is almost dead.
The orc priest closely misses you.
The orc wizard gestures at you while chanting.
The puff of flame hits you!
You hit the orc priest.
The orc priest is almost dead.
The orc priest misses you. The orc wizard closely misses you.
You closely miss the orc priest.
The orc priest is almost dead.
The orc priest closely misses you. The orc wizard closely misses you.
You hit the orc priest but do no damage.
The orc priest is almost dead.
The orc priest invokes the aid of Beogh against you.
Pain shoots through your body!
* * * LOW HITPOINT WARNING * * *
The orc wizard closely misses you.
You hit the orc priest but do no damage.
The orc priest is almost dead.
The orc priest calls down the wrath of Beogh upon you.
Beogh smites you!
You die...

#............._........
#......≈≈...........≈≈.
##.._..≈≈≈≈≈.....≈≈≈≈≈.
#......≈≈≈≈≈≈≈≈≈≈≈≈≈..
#......≈≈≈≈≈≈≈≈≈≈≈≈≈..
##.....≈≈≈≈≈≈≈≈≈≈≈≈≈..
#......≈≈≈≈≈≈≈≈≈≈≈...
#......≈≈≈≈≈≈≈≈≈≈≈...
##..@..≈≈≈≈≈≈≈≈≈≈≈..<
#...oo.≈≈≈≈≈≈≈≈≈≈≈...
#......≈≈≈≈≈≈≈≈≈≈≈...
##.....≈≈≈≈≈≈≈≈≈≈≈≈≈..
#......≈≈≈≈≈≈≈≈≈≈≈≈≈..
#......≈≈≈≈≈≈≈≈≈≈≈≈≈..
##.._..≈≈≈≈≈.....≈≈≈≈≈.
#......≈≈...........≈≈.
#............._........


You could see an orc priest and an orc wizard.

Vanquished Creatures
  Pikel (D:4)
  An ogre (D:5)
  2 lemures (D:5)
  A phantom (D:6)
  A scorpion (D:4)
  2 wights (D:6)
  4 jellies
  3 iguanas
  Ijyb (D:5)
  2 orc wizards
  8 gnolls
  4 adders
  A shadow imp (D:5)
  A white imp (D:5)
  An ufetubus (D:5)
  2 worms
  3 dart slugs
  4 orcs
  4 ball pythons
  5 bats
  9 endoplasms
  6 giant cockroaches
  6 goblins
  7 hobgoblins
  5 jackals (D:2)
  A quokka (D:2)
  2 frilled lizards
  5 kobolds
  5 rats
97 creatures vanquished.

Vanquished Creatures (others)
  3 fungi (D:2)
  3 plants
6 creatures vanquished.

Grand Total: 103 creatures vanquished

Notes
Turn   | Place    | Note
-------+----------+-------------------------------------------
     0 | D:1      | Ceno the Formicid Earth Elementalist began the quest for
                  | the Orb.
     0 | D:1      | Reached XP level 1. HP: 13/13 MP: 3/3
    89 | D:1      | Reached XP level 2. HP: 19/19 MP: 3/5
    93 | D:1      | Learned a level 2 spell: Passwall
   274 | D:1      | Reached skill level 1 in Fighting
   285 | D:1      | Reached XP level 3. HP: 20/26 MP: 1/6
   302 | D:1      | Reached skill level 4 in Earth Magic
   444 | D:1      | Found Komiahio's Weapon Emporium.
   874 | D:2      | Identified the +0 leather armour of Existentialism {-Tele
                  | Int+6 Dex+3}
  1020 | D:2      | Reached XP level 4. HP: 32/32 MP: 5/8
  1652 | D:2      | Found a faded altar of an unknown god.
  1697 | D:3      | Found an iron altar of Okawaru.
  1826 | D:3      | Reached skill level 1 in Maces & Flails
  1832 | D:3      | Reached XP level 5. HP: 24/38 MP: 2/9
  2128 | D:3      | Found a radiant altar of Vehumet.
  2133 | D:3      | You fall into a shaft and drop 1 floor!
  2196 | D:3      | Found a shimmering altar of Xom.
  2226 | D:3      | Found a basalt altar of Yredelemnul.
  2636 | D:4      | Reached XP level 6. HP: 46/46 MP: 9/11
  2664 | D:4      | Reached skill level 5 in Earth Magic
  2672 | D:4      | Learned a level 3 spell: Stone Arrow
  3279 | D:5      | Entered Level 5 of the Dungeon
  3313 | D:5      | Noticed Pikel
  3405 | D:4      | Killed Pikel
  3406 | D:4      | Reached skill level 6 in Earth Magic
  3406 | D:4      | Reached XP level 7. HP: 15/55 MP: 0/13
  3406 | D:4      | Reached XP level 8. HP: 17/61 MP: 0/14
  3692 | D:5      | Noticed Menkaure
  3716 | D:5      | Noticed Ijyb
  3731 | D:5      | Killed Ijyb
  3836 | D:5      | Reached skill level 5 in Fighting
  4432 | D:6      | Found a shimmering blue altar of Sif Muna.
  4459 | D:5      | Reached skill level 5 in Maces & Flails
  4526 | D:6      | Reached skill level 7 in Earth Magic
  4803 | D:6      | Found a staircase to the Ecumenical Temple.
  4812 | Temple   | Entered the Ecumenical Temple
  4882 | Temple   | Became a worshipper of Zin the Law-Giver
  4882 | Temple   | Reached * piety under Zin
  4949 | Temple   | Killed from afar by an orc priest

Illustrated notes

Levels and vault maps discovered:
D:1:      lightli_arrival_flooded_house, layout_basic, serial_shops,
          shop_fountains, minmay_pentomino_x4
D:2:      layout_basic, shapermc_ecumenical_altar_petra
D:3:      layout_basic, okawaru_trees_2, mainiacjoe_overflow_catch_the_wave,
          mainiacjoe_overflow_cross_hatched, serial_curves, eino_curves_02,
          eino_curves_02, minmay_misc_feat_diagonals
D:4:      layout_cave_pods
D:5:      layout_rooms, uniq_pikel, uniq_menkaure, uniq_ijyb
D:6:      layout_basic, tgw_kikubaaqudgha, nicolae_sif_muna_condensation,
          minmay_temple_entry_mini_moons
Temple:   nicolae_temple_superstar

Skill      XL: |  1  2  3  4  5  6  7  8 |
---------------+-------------------------+-----
Stealth        | 3 |  3.0
Fighting       | 1 2 4 5 |  5.6
Earth Magic    | 4 6 7 |  7.1
Spellcasting   | 3 4 |  4.0
Maces & Flails | 1 3 5 |  5.4
Dodging        | |  1.7
Transmutations | |  1.1

Action                     |  1- 3 |  4- 6 |  7- 9 || total
---------------------------+-------+-------+-------++-------
  Melee: Short sword       |    15 |       |       ||    15
         Whip              |    12 |    21 |    27 ||    60
  Throw: Stone             |       |     1 |     2 ||     3
         Dart              |       |     4 |       ||     4
   Cast: Sandblast         |    41 |    59 |    21 ||   121
         Stone Arrow       |       |       |    15 ||    15
 Invoke: Recite            |       |       |     1 ||     1
    Use: Scroll            |       |     2 |     2 ||     4
   Stab: Sleeping          |     1 |     1 |       ||     2
 Armour: Robe              |     5 |       |       ||     5
         Leather armour    |       |     8 |     3 ||    11
  Dodge: Dodged            |    19 |    29 |    28 ||    76

Table legend: (Time is in decaauts)
 A = Elapsed time spent in this place.
 B = Non-inter-level travel time spent in this place.
 C = Inter-level travel time spent in this place.
 D = Time resting spent in this place.
 E = Time spent auto-exploring this place.
 F = Levels seen in this place.
 G = Mean time per level.
                   A        B        C        D        E       F      G
               +--------+--------+--------+--------+--------+-----+--------+
         Total |   5010 |   4852 |    158 |    683 |   2811 |   7 |  715.7 |
       Dungeon |   4881 |   4728 |    153 |    683 |   2717 |   6 |  813.5 |
        Temple |    129 |    124 |      5 |      0 |     94 |   1 |  129.0 |
               +--------+--------+--------+--------+--------+-----+--------+

Top non-repeatable levels by time:
     D:2: 1053 daAuts
     D:4: 1017 daAuts
     D:5: 942 daAuts
     D:3: 753 daAuts
     D:1: 660 daAuts
     D:6: 454 daAuts
  Temple: 129 daAuts
